Description

Build a strong first timing attack, take control of the map, then reinforce the same army rather than switching unit types.

Replay - Celestial Enclave LE (3)

Build Order

Get SALT Encoding   

  12  0:00  SCV  
  13  0:12  SCV  
  14  0:17  Supply Depot  
  14  0:30  SCV  
  15  0:41  Barracks  
  15  0:43  SCV  
  16  0:55  SCV  
  17  0:57  Refinery  
  17  1:07  SCV  
  18  1:19  SCV  
  19  1:31  SCV  
  20  1:36  Command Center  
  20  1:41  Barracks Reactor  
  20  1:44  Orbital Command  
  20  2:08  Supply Depot  
  20  2:25  Factory  
  20  2:33  Barracks  
  20  2:37  Refinery  
  20  2:50  Engineering Bay  
  21  2:51  SCV  
  21  2:56  Orbital Command  
  21  3:03  SCV  
  22  3:10  Factory Tech Lab  
  22  3:17  Terran Infantry Weapons Level 1  
  23  3:21  Barracks Tech Lab  
  26  3:52  Marine x2, Supply Depot  
  31  4:09  Siege Tank  
  35  4:10  Marine x2  
  35  4:14  Combat Shield  
  35  4:16  Supply Depot  
  39  4:27  Marine x2  
  41  4:38  Supply Depot  
  41  4:45  Marine x2  
  41  4:48  Starport  
  43  4:55  Barracks  
  43  4:59  Refinery  
  45  5:09  Marine x2  
  49  5:15  Siege Tank  
  54  5:33  Stimpack  
  56  5:47  Siege Tank  
  65  5:58  Medivac  
  73  6:26  Refinery  
  78  7:33  Missile Turret x2  
  78  7:47  Medivac  
  78  7:51  Starport  
  83  7:55  Siege Tank  
  90  8:17  Medivac  
  94  8:27  Siege Tank  
  97  8:47  Viking  
  99  8:59  Siege Tank  
  99  9:17  Viking  
  78  9:31  Siege Tank  
  78  10:56  Siege Tank  
  88  11:28  Siege Tank  
  91  11:33  Medivac x2  
  99  12:00  Siege Tank  
  104  12:03  Medivac x2  
Spawning Tool Build Advisor. Get it on Overwolf

Go to:

Details

  • Created by: UnwashedEggs
  • Published on: May 30, 2026
  • Modified on: May 30, 2026
  • Patch: 5.0.11
  • Difficulty: Hard
Show
View Real Time Build Order
Export as new Build Order

Comments (0)

There are no comments. Be the first!

Create an account to comment!